 Dungeon Crawl Stone Soup version 0.18-a0-1748-g7377c14 (webtiles) character file.

451 Gorice the Conjurer (level 6, 0/41 HPs)
             Began as a Demonspawn Air Elementalist on Apr 12, 2016.
             Slain by Prince Ribbit (4 damage)
             ... on level 5 of the Dungeon.
             The game lasted 00:25:30 (5012 turns).

Gorice the Conjurer (Demonspawn Air Elementalist)   Turns: 5012, Time: 00:25:30

Health: 0/41       AC: 15    Str: 11    XL:     6   Next: 75%
Magic:  3/9        EV: 12    Int: 18    God:
Gold:   204        SH:  6    Dex: 13    Spells: 4 memorised, 1 level left

rFire  . . .     SeeInvis .     a - +0 mace (protect)
rCold  . . .     Gourm    .     B - +0 robe
rNeg   . . .     Faith    .     (no shield)
rPois  .         Spirit   .     (no helmet)
rElec  .         Dismiss  .     (no cloak)
rCorr  .         Reflect  +     f - +2 pair of gloves
SustAt .         Harm     .     m - +2 pair of boots
MR     .....                    k - +6 amulet of reflection
Stlth  ++........               C - +4 ring of strength
                                F - -2 ring of strength (curse)

@: repel missiles, not resistant to hostile enchantments, unstealthy
A: talons 1, thin metallic scales 1, spiny 1
a: no special abilities


You were on level 5 of the Dungeon.
You were very hungry.

You visited 1 branch of the dungeon, and saw 5 of its levels.

You collected 204 gold pieces.

Inventory:

Hand Weapons
 a - a +0 mace of protection (weapon)
   (You took it off a goblin on level 3 of the Dungeon)
 h - a cursed -2 dagger
 p - a cursed -2 short sword
 D - a +0 falchion
Missiles
 e - 28 poisoned needles
 i - 2 tomahawks (quivered)
 y - 4 javelins
 H - 17 sling bullets
 Z - 101 stones
Armour
 f - a +2 pair of gloves (worn)
 m - a +2 pair of boots (worn)
 B - a +0 robe (worn)
Rods
 S - a +0 rod of shadows (2/12) {!a}
   (You found it on level 4 of the Dungeon)
Jewellery
 k - a +6 amulet of reflection (around neck)
 C - a +4 ring of strength (right hand)
 F - a cursed -2 ring of strength (left hand)
Wands
 x - a wand of enslavement (21/24)
Scrolls
 u - a scroll of recharging
 v - 2 scrolls of remove curse
 w - 2 scrolls of amnesia
 A - a scroll of fear {!r}
 I - a scroll of teleportation {unknown}
Potions
 g - 3 potions of haste {!q}
 j - a potion of ambrosia {unknown}
 l - 2 potions of might {!q}
 n - 2 potions of curing
 q - a potion of degeneration {unknown}
 r - a potion of cancellation {unknown}
 s - a potion of agility {unknown}
 G - a potion of resistance {unknown}
 J - a potion of lignification {unknown}
Books
 b - a book of Air
 d - a book of Clouds
Comestibles
 c - 5 bread rations {!e}
 o - 3 chunks of flesh
 t - 4 beef jerkies
 z - a meat ration {!e}


   Skills:
 - Level 1.7 Dodging
 - Level 1.7 Stealth
 - Level 2.0 Spellcasting
 + Level 4.9 Conjurations
 * Level 4.9 Air Magic
 + Level 1.9 Evocations


You had one spell level left.
You knew the following spells:

 Your Spells              Type           Power        Failure   Level  Hunger
a - Shock                 Conj/Air       ###.         2%          1    #......
b - Mephitic Cloud        Conj/Pois/Air  ##......     17%         3    ###....
M - Repel Missiles        Chrm/Air       ##....       12%         2    ###....
S - Swiftness             Chrm/Air       ##......     12%         2    ###....


Dungeon Overview and Level Annotations

Branches:
Dungeon (5/15)             Temple (0/1) D:5

Altars:
Gozag
Okawaru

Annotations:
D:2 Sigmund
D:5 Prince Ribbit


Innate Abilities, Weirdness & Mutations

You have sharp toenails.
You are partially covered in thin metallic scales (AC +2).
You are partially covered in sharp spines.


Message History

a dagger; a robe You thump the orc!
You kill the orc!
Your sky beast flickers out of sight for a moment.
Your adder zombie bites the orc priest.
The orc priest mumbles some strange prayers to Beogh against you.
Beogh smites you!
Your adder zombie barely misses the orc priest.
Your sky beast barely misses the orc priest.
Damage: 9 (max 9)
The orc priest barely misses your adder zombie.
Your adder zombie completely misses the orc priest.
Your sky beast hits the orc priest but does no damage.
Things that are here:
a short sword; an orc corpse
Casting: Shock
Confirm with . or Enter, or press ? or * to list all spells.
Aiming: Shock
Press: ? - help, Shift-Dir - straight line, f/p - Prince Ribbit
Aim: Prince Ribbit (heavily wounded)
The zap hits Prince Ribbit.
Prince Ribbit is heavily wounded.
You are feeling very hungry.
The orc priest hits your adder zombie with a falchion.
Your adder zombie closely misses the orc priest.
Your sky beast hits the orc priest but does no damage.
Casting: Shock
Confirm with . or Enter, or press ? or * to list all spells.
Aiming: Shock
Press: ? - help, Shift-Dir - straight line, f/p - Prince Ribbit
Aim: Prince Ribbit (heavily wounded)
The zap hits Prince Ribbit.
Prince Ribbit is severely wounded.
Your adder zombie completely misses the orc priest.
The orc priest calls down the wrath of Beogh upon you.
Beogh smites you!
* * * LOW HITPOINT WARNING * * *
Your sky beast barely misses the orc priest.
Damage: 12 (max 12)
Casting: Shock
Confirm with . or Enter, or press ? or * to list all spells.
Aiming: Shock
Press: ? - help, Shift-Dir - straight line, f/p - Prince Ribbit
Aim: Prince Ribbit (severely wounded)
The zap misses Prince Ribbit.
Prince Ribbit is struck by your spines. Prince Ribbit hits you.
* * * LOW HITPOINT WARNING * * *
Your adder zombie closely misses the orc priest.
Prince Ribbit hits you.
You die...

########### ..........#
###.#####.###
###.........################
............................
............YZ))@F.)........
##.#######.#o#######)######
#.# #...#######..# #.#
##...........# #.#
#....#.#..F.# #.#
#...#.#.#...# ...
...#.#o#.#o... ###
....#.>.#..#...
#...#.#o#.#.....F.


You could see Prince Ribbit, an orc priest, a friendly sky beast (invisible) and
a friendly adder zombie.

Vanquished Creatures
  A scorpion (D:4)
  A jelly (D:5)
  A hound (D:4)
  An orc wizard (D:5)
  2 orc priests (D:5)
  2 worker ants
  2 gnolls
  2 river rats (D:4)
  6 adders
  3 worms
  3 dart slugs
  2 giant geckos (D:1)
  9 orcs
  9 bats
  6 giant cockroaches
  8 goblins
  8 hobgoblins
  A jackal (D:2)
  11 kobolds
  5 quokkas
  2 ball pythons
  4 giant newts
  9 rats
98 creatures vanquished.

Vanquished Creatures (collateral kills)
  An orc (D:5)
1 creature vanquished.

Grand Total: 99 creatures vanquished

Notes
Turn   | Place    | Note
--------------------------------------------------------------
     0 | D:1      | Gorice the Demonspawn Air Elementalist began the quest for the Orb.
     0 | D:1      | Reached XP level 1. HP: 13/13 MP: 3/3
   187 | D:1      | Reached skill level 3 in Air Magic
   196 | D:1      | HP: 3/13 [bat (1)]
   201 | D:1      | HP: 1/13 [dart slug/slug dart (2)]
   203 | D:1      | Gained mutation: You have sharp toenails. [demonic ancestry]
   203 | D:1      | Reached XP level 2. HP: 1/19 MP: 0/5
   875 | D:1      | Reached skill level 2 in Conjurations
  1128 | D:1      | Gained mutation: You are partially covered in thin metallic scales (AC +2). [demonic ancestry]
  1128 | D:1      | Reached XP level 3. HP: 24/24 MP: 1/6
  1600 | D:2      | Noticed Sigmund
  1621 | D:1      | Learned a level 2 spell: Repel Missiles
  1625 | D:1      | Learned a level 2 spell: Swiftness
  2238 | D:2      | Reached XP level 4. HP: 30/30 MP: 2/7
  2502 | D:2      | Reached skill level 3 in Conjurations
  2590 | D:3      | Found an iron altar of Okawaru.
  3051 | D:3      | Found a faded altar to an unknown god.
  3115 | D:3      | Found an opulent altar of Gozag.
  3367 | D:2      | Reached skill level 4 in Air Magic
  3772 | D:4      | Reached XP level 5. HP: 35/35 MP: 3/8
  3915 | D:4      | Reached skill level 4 in Conjurations
  3921 | D:4      | Identified a +0 rod of shadows (12/12) (You found it on level 4 of the Dungeon)
  4374 | D:4      | Found a glowing drain.
  4729 | D:4      | Reached skill level 1 in Evocations
  4729 | D:4      | Gained mutation: You are partially covered in sharp spines. [demonic ancestry]
  4729 | D:4      | Reached XP level 6. HP: 35/41 MP: 3/9
  4809 | D:4      | Learned a level 3 spell: Mephitic Cloud
  4811 | D:5      | Entered Level 5 of the Dungeon
  4886 | D:5      | Found a staircase to the Ecumenical Temple.
  4967 | D:5      | Noticed Prince Ribbit
  5011 | D:5      | HP: 9/41 [orc priest/divine providence (12)]
  5012 | D:5      | HP: 4/41 [Prince Ribbit (6)]
  5012 | D:5      | Slain by Prince Ribbit

Vault maps used:
D:1:      minmay_arrival_wavy_path, st_stairs_9, hex_large, monster_avoids_cloud
D:2:      kennysheep_nub, grunt_decor_arrowhead, serial_bayou_ford_a,
          uniq_sigmund
D:3:      wad_woods_tower, nicolae_overflow_crystal_walls, lemuel_crystal_altar,
          first_bread, ecumenical_altar_2
D:4:      portal_sewer_entry_b, minmay_cut_off
D:5:      minmay_temple_entry_grid, basic_altar, uniq_prince_ribbit1

Skill      XL: |  1  2  3  4  5 |
---------------+----------------+-----
Air Magic      | 3 4 |  4.9
Conjurations   | 2 3 4 |  4.9
Evocations     | 1 |  1.9
Dodging        | |  1.7
Stealth        | |  1.7
Spellcasting   | |  2.0

Action                   |  1- 3 |  4- 6 || total
-------------------------+-------+-------++-------
Melee: Unarmed           |    11 |       ||    11
       Mace              |       |    42 ||    42
 Cast: Shock             |    84 |   136 ||   220
       Repel Missiles    |     1 |     1 ||     2
Evoke: Whip              |       |     2 ||     2
  Use: Potion            |     1 |       ||     1
       Scroll            |     6 |     5 ||    11
 Stab: Sleeping          |       |     1 ||     1
  Eat: Chunk             |     5 |    11 ||    16
Armor: Robe              |    15 |    39 ||    54
Dodge: Dodged            |    34 |    51 ||    85
       Deflected         |     1 |       ||     1
Block: Other             |     4 |    17 ||    21

Table legend:
 A = Turns spent in this place as a percentage of turns spent in the entire game.
 B = Non-inter-level travel turns spent in this place as a percentage of non-inter-level travel turns spent in the entire game.
 C = Inter-level travel turns spent in this place as a percentage of turns spent in this place.
 D = Turns resting spent in this place as a percentage of non-inter-level travel turns spent in this place.
 E = Turns spent auto-exploring this place as a percentage of non-inter-level travel turns spent in this place.
 F = Non-inter-level travel turns spent in this place divided by the number of levels of this place that you've seen.
                   A       B       C       D       E      F
               +-------+-------+-------+-------+-------+----------------------
         Total | 100.0 | 100.0 |   0.3 |   3.7 |   4.2 | 401.0
       Dungeon | 100.0 | 100.0 |   0.3 |   3.7 |   4.2 | 401.0
               +-------+-------+-------+-------+-------+----------------------

Vault maps used:
D:1:      minmay_arrival_wavy_path, st_stairs_9, hex_large, monster_avoids_cloud
D:2:      kennysheep_nub, grunt_decor_arrowhead, serial_bayou_ford_a,
          uniq_sigmund
D:3:      wad_woods_tower, nicolae_overflow_crystal_walls, lemuel_crystal_altar,
          first_bread, ecumenical_altar_2
D:4:      portal_sewer_entry_b, minmay_cut_off
D:5:      minmay_temple_entry_grid, basic_altar, uniq_prince_ribbit1
